 Dungeon Crawl Stone Soup version 0.19.5 (webtiles) character file.

29241 mike2R the Basher (level 13, -1/111 HPs)
             Began as a Hill Orc Fighter on Apr 25, 2017.
             Was a High Priest of Beogh.
             Slain by an entropy weaver (11 damage)
             ... on level 5 of the Lair of Beasts on Apr 26, 2017.
             The game lasted 02:02:08 (16194 turns).

mike2R the Basher (Hill Orc Fighter)               Turns: 16194, Time: 02:02:08

Health: -1/111     AC: -14   Str: 27    XL:     13   Next: 44%
Magic:  15/18      EV:  7    Int:  9    God:    Beogh [*****.]
Gold:   1172       SH: 14    Dex: 10    Spells: 0 memorised, 12 levels left

rFire  . . .     SeeInvis .     a - +5 whip (elec)
rCold  . . .     Gourm    .     M - +1 plate armour
rNeg   . . .     Faith    .     c - +1 shield
rPois  .         Spirit   .     B - +1 hat {MR+}
rElec  .         Reflect  .     K - +0 cloak
rCorr  .         Harm     .     (no gloves)
MR     ++...                    x - +1 pair of boots
Stlth  ..........               E - amulet of rage
                                P - +4 ring of strength
                                X - ring of protection from magic

@: lethally poisoned (-1 -> -2), corroded
A: walk on water
a: Smiting, Recall Orcish Followers, Give Item to Named Follower, Renounce
Religion, Evoke Berserk Rage


You were on level 5 of the Lair of Beasts.
You worshipped Beogh.
Beogh was extremely pleased with you.
You were hungry.

You visited 4 branches of the dungeon, and saw 18 of its levels.

You collected 1172 gold pieces.

Inventory:

Hand Weapons
 a - a +5 whip of electrocution (weapon)
 N - the +10 scimitar of Blood {flame, rN+ Str+3}
   (You found it on level 3 of the Lair of Beasts)

   It has been specially enchanted to burn those struck by it, causing extra
   injury to most foes and up to half again as much damage against particularly
   susceptible opponents.
   Big, fiery blades are also staple armaments of hydra-hunters.
   It affects your strength (+3).
   It protects you from negative energy.
Armour
 c - a +1 shield (worn)
 x - a +1 pair of boots (worn)
 B - a +1 hat of magic resistance (worn)
 K - a +0 cloak (worn)
 M - a +1 plate armour (worn)
Jewellery
 E - an amulet of rage (around neck)
 P - a +4 ring of strength (right hand)
 X - a ring of protection from magic (left hand)
Wands
 h - a wand of lightning (5/15)
 k - a wand of lightning (9/15)
 m - a wand of heal wounds (1/9)
 u - a wand of heal wounds (1/9)
 v - a wand of lightning (6/15)
 C - a wand of enslavement (6/24)
 G - a wand of confusion (24/48)
 U - a wand of iceblast (6/15)
 Z - a wand of acid (1/15)
Scrolls
 b - 5 scrolls of remove curse
 i - a scroll of brand weapon {unknown}
 o - 3 scrolls of fog
 y - a scroll of silence {unknown}
 A - 4 scrolls of teleportation
 H - a scroll of torment {unknown}
 S - a scroll of magic mapping
 V - a scroll of recharging
 W - a scroll of acquirement {unknown}
 Y - a scroll of amnesia
Potions
 d - 2 potions of might
 e - a potion of berserk rage {unknown}
 j - 2 potions of ambrosia {unknown}
 l - 4 potions of cure mutation
 n - 3 potions of haste {unknown}
 q - 4 potions of brilliance
 s - 3 potions of heal wounds {unknown}
 t - 3 potions of agility
 w - a potion of degeneration {unknown}
 z - 3 potions of mutation {unknown}
 F - 4 potions of flight {unknown}
 I - a potion of lignification
 J - 5 potions of magic
 L - 5 potions of curing
 Q - 3 potions of cancellation {unknown}
Books
 D - a book of Enchantments

   Spells                             Type                      Level
   a - Cause Fear                     Hexes                        4
   b - Yara's Violent Unravelling     Hexes/Transmutation          5
   c - Silence                        Hexes/Air                    5
   d - Deflect Missiles               Charms/Air                   6
   e - Discord                        Hexes                        8
 O - a book of Debilitation

   Spells                             Type                      Level
   a - Corona                         Hexes                        1
   b - Slow                           Hexes                        2
   c - Gell's Gravitas                Hexes/Translocation          3
   d - Inner Flame                    Hexes/Fire                   3
   e - Cause Fear                     Hexes                        4
   f - Leda's Liquefaction            Hexes/Earth                  4
Comestibles
 f - 13 bread rations
 g - 2 meat rations
 p - 10 beef jerkies
 R - 18 fruits
 T - 4 chunks of flesh


   Skills:
 - Level 9.4 Fighting
 + Level 13.0 Maces & Flails
 - Level 3.6 Throwing
 + Level 12.8 Armour
 + Level 12.4 Shields
   Level 2.0 Charms
 - Level 7.5 Invocations


You had 12 spell levels left.
You didn't know any spells.

Dungeon Overview and Level Annotations

Branches:
Dungeon (11/15)            Temple (1/1) D:6            Lair (5/6) D:11
 Shoals (0/4) Lair:3       Spider (0/4) Lair:3          Orc (1/2) D:9
  Slime: Lair:5-6

Altars:
Ashenzari
Cheibriados
Dithmenos
Elyvilon
Fedhas
Gozag
Hepliaklqana
Kikubaaqudgha
Makhleb
Nemelex Xobeh
Okawaru
Qazlal
Ru
Sif Muna
Trog
Uskayaw
Vehumet
Xom
Yredelemnul
Zin
The Shining One

Shops:
D:6 :   Orc:1 %(

Annotations:
D:6 exclusion: oklob plant


Message History

The soldier ant waves its antennae.
The dream sheep ruffle their wool and motes of dream dust sparkle, to no effect.
Aiming: Smiting
Press: ? - help, Dir - move target cursor, f - entropy weaver, p - dream sheep Smite: an entropy weaver You smite the entropy weaver!
The entropy weaver is moderately wounded.
You block the entropy weaver's attack. x2; The entropy weaver hits you!
* * * LOW HITPOINT WARNING * * *
The entropy weaver hits you!
* * * LOW HITPOINT WARNING * * *
Evoke which item? (* to show all) (? for menu, Esc to quit)
Zapping:
u - a wand of heal wounds (2/9)
Press: ? - help, Shift-Dir - straight line, f - you, p - entropy weaver You feel much better.
This wand has 1 charge left.
The entropy weaver hits you!
* * * LOW HITPOINT WARNING * * *
You block the entropy weaver's attack. The entropy weaver hits you!
* * * LOW HITPOINT WARNING * * *
The entropy weaver hits you!
You die...

#....####P..# #....# ##..# ## ..
##...#####..## . #w ...
######.#P..#.###..# .#. #..#
##..#.............## #.#
#..###......o...........# ..#...#
#................###P...# .##...#
#.P...........## ##..## #.#...
#.....@.......## ##..# a#...#
#.#...a.........# ##.## Y##.P###
##.a.........#####..#. #.#....##
#..............>.....#
.##..#.Y####Y...........#.##P####
#.....a..aa.Y.....#...#..#####
##........Ya...#.###..#..#
##............### #.##..#
#.......(.....## ###..##


You could see an entropy weaver, 2 soldier ants, 3 dream sheep, a worker ant and
a friendly orc knight.

Vanquished Creatures
  Gastronok (Lair:1)
  Fannar (D:10)
  3 hydras
  A death yak (Lair:2)
  An orc high priest (Orc:1)
  4 hill giants
  A manticore (D:8)
  Maurice (D:9)
  A torpor snail (Lair:2)
  5 spiny frogs
  A rime drake (Lair:4)
  4 komodo dragons
  A demonic crawler (Lair:3)
  A troll (Orc:1)
  A polar bear (Lair:5)
  Grinder (D:5)
  A two-headed ogre (D:11)
  11 blink frogs
  9 hippogriffs
  Sigmund (D:2)
  A yak (D:9)
  3 basilisks
  Grum (D:10)
  A hungry ghost (D:8)
  A mottled dragon (D:11)
  3 wargs
  8 water moccasins
  7 porcupines
  A soldier ant (Lair:5)
  A hell hound (D:11)
  7 orc warriors
  An ice beast (D:6)
  A sky beast (D:8)
  3 phantoms
  A black bear (D:6)
  7 ogres
  5 wolves
  5 centaurs
  10 crocodiles
  4 big kobolds
  16 bullfrogs
  2 gnoll sergeants
  A wyvern zombie (D:11)
  2 troll zombies (D:9)
  11 scorpions
  5 killer bees
  3 wights (D:10)
  2 howler monkeys (D:7)
  2 crimson imps
  A quasit (D:8)
  3 jellies
  2 hounds
  3 orc priests
  7 orc wizards
  A centaur skeleton (D:4)
  3 bullfrog skeletons
  5 iguanas
  7 hell rats (Lair:2)
  17 worker ants
  5 ogre zombies (D:9)
  A hound zombie (D:6)
  A howler monkey zombie (D:8)
  12 gnolls
  A howler monkey skeleton (D:4)
  16 adders
  A shadow imp (D:7)
  An adder zombie (D:9)
  A worm (Lair:3)
  3 dart slugs
  4 leopard geckos
  18 orcs
  2 ball pythons
  6 giant cockroaches
  9 goblins
  7 hobgoblins
  44 kobolds
  3 quokkas
  6 bats
  3 frilled lizards
  A giant cockroach zombie (D:6)
  2 goblin zombies (D:9)
  A hobgoblin skeleton (D:9)
  3 hobgoblin zombies (D:9)
  A leopard gecko skeleton (D:8)
  2 orc skeletons (D:9)
  13 orc zombies (D:9)
  4 rats
385 creatures vanquished.

Vanquished Creatures (collateral kills)
  An entropy weaver (Lair:5)
  Erica (D:10)
  An orc sorcerer (Orc:1)
  A rime drake (Lair:4)
  A troll (D:11)
  A blink frog (Lair:4)
  2 hippogriffs
  2 yaks (D:9)
  A basilisk (D:11)
  2 wargs (Orc:1)
  3 soldier ants (Lair:5)
  2 water moccasins
  A porcupine (Lair:4)
  A hell hound (D:11)
  3 orc warriors (Orc:1)
  A wolf (D:10)
  A phantom (D:11)
  A centaur (D:11)
  A crocodile (D:11)
  3 bullfrogs
  2 wights (D:10)
  2 killer bees (D:9)
  A bullfrog zombie (D:10)
  3 orc wizards
  2 iguanas
  2 worker ants (Lair:5)
  An ogre zombie (D:9)
  A hound skeleton (D:11)
  2 gnolls (D:9)
  2 adders
  A shadow imp (D:11)
  2 leopard geckos (D:11)
  4 orcs
  A hobgoblin skeleton (D:9)
  2 kobolds (D:9)
  An orc skeleton (D:9)
  2 orc zombies (D:9)
61 creatures vanquished.

Vanquished Creatures (others)
  2 orc knights
  4 orc warriors
  A soldier ant (Lair:5)
  2 orc wizards
  4 orc priests
  An adder (D:3)
  A worm (D:3)
  19 orcs
  2 bats (D:3)
  A frilled lizard (D:3)
  A rat (D:3)
  2 fungi
  4 plants (D:11)
  10 toadstools (D:6)
54 creatures vanquished.

Grand Total: 500 creatures vanquished

Notes
Turn   | Place    | Note
-------+----------+-------------------------------------------
     0 | D:1      | mike2R the Hill Orc Fighter began the quest for the Orb.
     0 | D:1      | Reached XP level 1. HP: 19/19 MP: 1/1
   117 | D:1      | Reached XP level 2. HP: 26/26 MP: 2/2
   124 | D:1      | Reached skill level 3 in Maces & Flails
   489 | D:1      | Reached XP level 3. HP: 30/31 MP: 3/3
   771 | D:2      | Reached skill level 4 in Maces & Flails
  1020 | D:2      | Noticed Sigmund
  1189 | D:3      | Became a worshipper of Beogh the Brigand
  1228 | D:3      | Found an opulent altar of Gozag.
  1381 | D:3      | Reached XP level 4. HP: 21/39 MP: 4/4
  1717 | D:3      | Found an iron altar of Okawaru.
  1738 | D:3      | Reached skill level 5 in Maces & Flails
  1747 | D:3      | Reached XP level 5. HP: 45/45 MP: 5/5
  2075 | D:3      | Reached skill level 6 in Maces & Flails
  2432 | D:4      | Found an ancient bone altar of Kikubaaqudgha.
  2480 | D:4      | Reached XP level 6. HP: 52/52 MP: 6/6
  3153 | D:2      | Killed Sigmund
  3153 | D:2      | Reached skill level 5 in Fighting
  3153 | D:2      | Reached skill level 5 in Armour
  3153 | D:2      | Reached XP level 7. HP: 23/61 MP: 7/7
  3694 | D:2      | Reached * piety under Beogh
  3704 | D:2      | Learned a level 2 spell: Repel Missiles
  3767 | D:5      | Entered Level 5 of the Dungeon
  3811 | D:5      | Noticed Grinder
  3825 | D:5      | Paralysed by Grinder for 6 turns
  3837 | D:5      | Killed Grinder
  3837 | D:5      | Reached skill level 1 in Charms
  4371 | D:5      | Found a faded altar of an unknown god.
  4371 | D:5      | Found a faded altar of an unknown god.
  4400 | D:5      | Found a faded altar of an unknown god.
  4402 | D:5      | Found a snail-covered altar of Cheibriados.
  4404 | D:5      | Found a faded altar of an unknown god.
  4535 | D:5      | Reached XP level 8. HP: 35/70 MP: 8/8
  4711 | D:5      | Reached skill level 5 in Shields
  5083 | D:6      | Reached skill level 1 in Throwing
  5388 | D:6      | Reached XP level 9. HP: 27/78 MP: 9/9
  5518 | D:6      | Found a blossoming altar of Fedhas.
  5532 | D:6      | Noticed an oklob plant
  5631 | D:6      | Found Varoza's Book Shoppe.
  5942 | D:7      | Reached skill level 7 in Maces & Flails
  5966 | D:6      | Reached ** piety under Beogh
  5999 | D:6      | Found a staircase to the Ecumenical Temple.
  6008 | Temple   | Entered the Ecumenical Temple
  7407 | D:8      | Reached skill level 8 in Maces & Flails
  7442 | D:8      | Noticed a manticore
  7451 | D:8      | Killed a manticore
  7451 | D:8      | Reached XP level 10. HP: 55/90 MP: 10/10
  7709 | D:8      | Found a white marble altar of Elyvilon.
  7928 | D:9      | Reached *** piety under Beogh
  8082 | D:9      | Reached **** piety under Beogh
  8088 | D:9      | Found a staircase to the Orcish Mines.
  8151 | D:9      | Noticed a hill giant
  8156 | D:9      | Killed a hill giant
  8156 | D:9      | Reached skill level 9 in Maces & Flails
  8161 | D:9      | Reached skill level 1 in Invocations
  8168 | D:9      | Noticed a hill giant
  8182 | D:9      | Killed a hill giant
  8670 | D:9      | Reached skill level 5 in Invocations
  8763 | D:9      | Noticed Maurice
  8779 | D:9      | Killed Maurice
  8779 | D:9      | Reached XP level 11. HP: 90/97 MP: 14/16
  8855 | D:10     | Entered Level 10 of the Dungeon
  8862 | D:10     | Noticed Erica
  8871 | D:10     | Noticed Fannar
  8871 | D:10     | Killed Erica
  8887 | D:10     | Killed Fannar
  8949 | D:10     | Gained Borgoth as an ally
  9109 | D:10     | Noticed Grum
  9131 | D:10     | Killed Grum
  9284 | D:10     | Noticed a hill giant
  9293 | D:10     | Killed a hill giant
  9620 | D:11     | Noticed a hill giant
  9684 | Orc:1    | Entered Level 1 of the Orcish Mines
  9684 | Orc:1    | Noticed an orc knight
  9946 | Orc:1    | Found Pyalemomi's Antique Weapon Boutique.
  9948 | Orc:1    | Noticed an orc high priest
  9957 | Orc:1    | Noticed an orc sorcerer
  9966 | Orc:1    | Reached skill level 10 in Maces & Flails
  9995 | Orc:1    | Killed an orc sorcerer
 10359 | Orc:1    | Found Popt's Food Boutique.
 10378 | Orc:1    | Killed an orc high priest
 10378 | Orc:1    | Reached skill level 10 in Armour
 10807 | D:11     | Killed a hill giant
 10818 | D:11     | Reached ***** piety under Beogh
 11206 | D:11     | Reached XP level 12. HP: 105/105 MP: 17/17
 11237 | D:11     | Found a staircase to the Lair.
 11250 | D:11     | Reached skill level 10 in Shields
 11265 | D:11     | Found a stormy altar of Qazlal.
 11312 | D:11     | Your ally Borgoth died
 11538 | Lair:1   | Entered Level 1 of the Lair of Beasts
 11848 | Lair:1   | Reached skill level 11 in Maces & Flails
 11870 | Lair:1   | Noticed a seven-headed hydra
 11883 | Lair:1   | Killed a seven-headed hydra
 11932 | Lair:1   | Noticed Gastronok
 11953 | Lair:1   | Killed Gastronok
 12687 | Lair:2   | Noticed a five-headed hydra
 12696 | Lair:2   | Killed a five-headed hydra
 12702 | Lair:2   | Noticed a death yak
 12717 | Lair:2   | Killed a death yak
 13721 | Lair:3   | Reached skill level 12 in Maces & Flails
 13945 | Lair:3   | Got an iridescent scimitar
 13946 | Lair:3   | Identified the +10 scimitar of Blood {flame, rN+ Str+3} (You found it on level 3 of the Lair of Beasts)
 13954 | Lair:3   | Found a staircase to the Shoals.
 14072 | Lair:3   | Found a hole to the Spider Nest.
 14731 | Lair:4   | Reached XP level 13. HP: 107/111 MP: 18/18
 16142 | Lair:5   | Noticed an entropy weaver
 16143 | Lair:5   | Noticed an entropy weaver
 16157 | Lair:5   | Killed an entropy weaver
 16157 | Lair:5   | Reached skill level 13 in Maces & Flails
 16194 | Lair:5   | Slain by an entropy weaver

Skill      XL: |  1  2  3  4  5  6  7  8  9 10 11 12 13 |
---------------+----------------------------------------+-----
Maces & Flails | 3 4 5 6 8 9 10 12 13 | 13.0
Fighting       | 4 5 6 8 9 |  9.4
Armour         | 4 5 6 7 8 10 12 | 12.8
Shields        | 4 5 7 8 9 11 12 | 12.4
Charms         | 2 |  2.0
Throwing       | 3 |  3.6
Invocations    | 7 |  7.5

Action                   |  1- 3 |  4- 6 |  7- 9 | 10-12 | 13-15 || total
-------------------------+-------+-------+-------+-------+-------++-------
Melee: Flail             |   138 |     8 |       |       |       ||   146
       Whip              |       |    84 |   228 |   788 |   222 ||  1322
       Blowgun           |       |       |    57 |       |       ||    57
 Fire: Blowgun           |       |       |   198 |       |       ||   198
Throw: Stone             |    30 |       |       |       |       ||    30
       Tomahawk          |       |    13 |     4 |     1 |       ||    18
       Javelin           |       |     4 |    12 |     6 |       ||    22
Invok: Convert to Beogh  |     1 |       |       |       |       ||     1
       Smiting           |       |       |       |     3 |     2 ||     5
       Recall Orcish Fol |       |       |       |     2 |       ||     2
 Abil: Evoke Berserk Rag |       |       |       |     1 |       ||     1
Evoke: Wand              |     1 |       |     2 |     1 |     4 ||     8
  Use: Scroll            |       |     7 |    13 |     7 |     3 ||    30
 Stab: Distracted        |       |       |       |     2 |     1 ||     3
  Eat: Chunk             |     2 |     5 |    13 |    18 |     5 ||    43
       Beef jerky        |       |       |     1 |       |       ||     1
       Meat ration       |       |       |       |     1 |       ||     1
Armor: Scale mail        |    53 |       |       |       |       ||    53
       Chain mail        |     9 |    22 |   133 |       |       ||   164
       Plate armour      |       |       |    63 |   275 |    79 ||   417
Dodge: Dodged            |    40 |    10 |    87 |   116 |    38 ||   291
Block: Shield            |    75 |    26 |   230 |   357 |   111 ||   799
